Map: Apotheosis LE

Players

ByuN - Winner!

  • Race: Terran Terran

Stats

  • Race: Protoss Protoss

Event: 2016 WCS Global Finals

VOD

Have the link to the VOD?

Description

Time

  • Played on: Nov. 5, 2016, 4:39 p.m.
  • Length: 5:05

All games in this series

Show
View Real Time Build Order
Export as new Build Order

ByuN Terran - Winner!

Build Orders: 1/1/1 

Get SALT Encoding   

  12  0:01  SCV  
  13  0:13  SCV  
  14  0:18  Supply Depot  
  14  0:25  SCV  
  15  0:31  Refinery  
  15  0:40  SCV  
  16  0:48  Barracks  
  16  0:52  SCV  
  17  1:02  Refinery  
  17  1:04  SCV  
  18  1:16  SCV  
  19  1:35  Marine  
  19  1:36  Factory  
  19  1:37  Orbital Command  
  20  1:49  Supply Depot  
  20  1:53  Barracks Reactor  
  20  2:02  SCV  
  21  2:15  SCV  
  22  2:19  Factory Tech Lab  
  22  2:21  Starport  
  22  2:28  Marine, Supply Depot  
  24  2:37  Siege Tank  
  24  2:38  SCV  
  24  2:42  Marine  
  28  2:46  Marine  
  29  2:52  SCV  
  29  2:57  Medivac  
  32  2:59  Marine  
  32  3:04  Marine  
  34  3:05  Supply Depot  
  34  3:16  Siege Tank  
  34  3:19  Marine  
  37  3:22  Marine  
  38  3:30  Medivac  
  40  3:38  Marine, Supply Depot  
  40  3:40  Marine  
  43  3:56  Marine  
  43  3:58  Marine  
  45  4:05  Cyclone  
  46  4:11  Viking  
  46  4:14  Marine  
  46  4:15  Marine  
  50  4:23  Supply Depot  
  50  4:32  Marine  
  50  4:33  Marine  
Show
View Real Time Build Order
Export as new Build Order

Stats Protoss 

Build Orders: 1 Gate Expand, Phoenix Opening 

Get SALT Encoding   

  12  0:00  Probe (Chrono Boost)  
  13  0:11  Probe (Chrono Boost)  
  14  0:17  Pylon  
  14  0:21  Probe (Chrono Boost)  
  15  0:35  Probe (Chrono Boost)  
  16  0:36  Gateway  
  16  0:41  Assimilator  
  16  0:46  Probe (Chrono Boost)  
  17  0:56  Probe (Chrono Boost)  
  18  1:07  Probe (Chrono Boost)  
  19  1:18  Nexus  
  19  1:29  Cybernetics Core  
  19  1:31  Probe (Chrono Boost)  
  20  1:37  Assimilator  
  20  1:42  Probe (Chrono Boost)  
  21  1:50  Pylon  
  21  1:53  Probe (Chrono Boost)  
  22  2:08  Adept  
  22  2:09  Mothership Core (Chrono Boost)  
  22  2:14  Warp Gate  
  26  2:27  Probe (Chrono Boost)  
  27  2:32  Probe (Chrono Boost)  
  28  2:38  Probe (Chrono Boost)  
  28  2:43  Probe (Chrono Boost), Stargate  
  30  2:47  Adept  
  30  2:48  Pylon  
  30  2:49  Probe (Chrono Boost)  
  33  2:53  Probe (Chrono Boost)  
  34  3:01  Probe (Chrono Boost)  
  34  3:04  Probe (Chrono Boost)  
  36  3:10  Adept  
  36  3:12  Pylon  
  37  3:13  Probe (Chrono Boost)  
  37  3:16  Probe (Chrono Boost)  
  40  3:25  Probe (Chrono Boost)  
  39  3:31  Phoenix  
  40  3:36  Gateway x2  
  40  3:46  Adept  
  41  3:52  Phoenix  
  39  4:01  Pylon  
  41  4:25  Adept  
  41  4:51  Adept x2  
Tags
 
Add a new tag
Caveats
  • Supply blocks, unpowered buildings, or Contaminate may cause inaccurate times.
  • Supply counts are checked every 10 seconds.